 Dungeon Crawl Stone Soup version 0.24-a0-537-g2d01d4ab0a (webtiles) character file.

Game seed: 18306604170754365288

153297 Arang the Tortoise (level 18, -3/138 HPs)
             Began as a Formicid Fighter on Aug 13, 2019.
             Was the Champion of Cheibriados.
             Slain by a naga warrior
             ... wielding a +0 flail
              (10 damage)
             ... on level 4 of the Snake Pit.
             The game lasted 01:43:10 (31107 turns).

Arang the Tortoise (Formicid Fighter)              Turns: 31107, Time: 01:43:10

Health: -3/138     AC: 31    Str: 39    XL:     18   Next: 22%
Magic:  0/29       EV:  6    Int: 30    God:    Cheibriados [******]
Gold:   823        SH: 19    Dex: 29    Spells: 16/29 levels left

rFire    + . .     SeeInvis +   I - +2 executioner's axe (vamp)
rCold    x . .     Gourm    .   H - +2 shield {AC+3}
rNeg     . . .     Faith    .   g - +3 plate armour
rPois    +         Spirit   +   (helmet unavailable)
rElec    .         Reflect  .   s - +0 cloak
rCorr    .         Harm     .   E - +2 pair of gloves {archery}
MR       +....     Clarity  +   D - +1 pair of boots
Stlth    ..........             v - amulet of guardian spirit
HPRegen  0.33/turn              Q - +5 ring of slaying
MPRegen  0.21/turn              c - ring of Tender Moments {Fire rPois Str-2 Int+4}

@: lethally poisoned (-3 -> -51), constricted, very slow
A: permanent stasis, dig shafts and tunnels, four strong arms, antennae 3, agile
2, clarity, high mp 1, subdued magic 1
a: Dig, Shaft Self, Bend Time, Temporal Distortion, Slouch, Step From Time,
Renounce Religion


You were on level 4 of the Snake Pit.
You worshipped Cheibriados.
Cheibriados was exalted by your worship.
You were very hungry.

You visited 4 branches of the dungeon, and saw 27 of its levels.

You collected 2457 gold pieces.
You spent 1634 gold pieces at shops.

Inventory:

Hand Weapons
 a - a +3 hand axe of electrocution
 o - a +2 antimagic hand axe
 I - a +2 vampiric executioner's axe (weapon)
Missiles
 S - 11 javelins (quivered)
 T - 8 silver boomerangs
 W - 10 curare-tipped darts
Armour
 g - a +3 plate armour (worn)
 h - the +1 crystal plate armour of Beyond {Str+4}
   (You acquired it on level 1 of the Snake Pit)

   It affects your strength (+4).
 s - a +0 cloak (worn)
 D - a +1 pair of boots (worn)
 E - a +2 pair of gloves of archery (worn)
 H - a +2 shield of protection (worn)
 J - a +1 shield of cold resistance
Jewellery
 c - the ring of Tender Moments (right hand) {Fire rPois Str-2 Int+4}
   (You acquired it on level 15 of the Dungeon)

   [ring of fire]

   It enhances your fire magic.
   It affects your strength (-2).
   It affects your intelligence (+4).
   It protects you from fire.
   It makes you vulnerable to cold.
   It protects you from poison.
 q - an uncursed ring of wizardry
 v - an amulet of guardian spirit (around neck)
 L - an uncursed ring of ice
 N - an uncursed ring of resist corrosion
 Q - a +5 ring of slaying (left hand)
 V - an uncursed ring of protection from fire
 Y - an uncursed ring of flight
Wands
 i - a wand of scattershot (5)
 m - a wand of iceblast (13)
 t - a wand of paralysis (27)
 y - a wand of digging (15)
 C - a wand of clouds (5)
 F - a wand of enslavement (9)
 P - a wand of acid (9)
Scrolls
 j - 11 scrolls of remove curse
 k - 6 scrolls of magic mapping
 n - 6 scrolls of identify
 w - 2 scrolls of fear
 A - 2 scrolls of amnesia
 G - a scroll of vulnerability
 K - a scroll of silence
 X - 3 scrolls of enchant armour
Potions
 b - a potion of agility
 l - 9 potions of curing
 r - 4 potions of lignification
 u - 3 potions of mutation
 x - 7 potions of heal wounds
 z - 2 potions of brilliance
 O - 6 potions of flight
 R - 3 potions of magic
 Z - 3 potions of might
Miscellaneous
 e - a sack of spiders
 p - a lamp of fire
 U - a phantom mirror
Comestibles
 f - 41 rations


   Skills:
 + Level 11.6 Fighting
 * Level 16.2 Axes
 - Level 6.0 Throwing
 * Level 16.5 Armour
 - Level 13.5 Shields
 - Level 6.0 Spellcasting
 * Level 4.0 Charms
 * Level 3.9 Necromancy
 * Level 3.5 Translocations
 - Level 8.5 Poison Magic
 - Level 8.1 Invocations
 - Level 5.0 Evocations


You had 16 spell levels left.
You knew the following spells:

 Your Spells              Type           Power        Failure   Level  Hunger
a - Olgreb's Toxic Radia  Pois           #####...     4%          4    ###....
b - Song of Slaying       Chrm           ####....     4%          2    None
c - Regeneration          Chrm/Necr      ####......   9%          3    None
d - Passage of Golubria   Tloc           N/A          36%         4    ###....

Your spell library contained the following spells:

 Spells                   Type           Power        Failure   Level  Hunger
 Infusion                 Chrm           ####         2%          1    None
 Sting                    Conj/Pois      ####         2%          1    None
 Apportation              Tloc           ###...       3%          1    None
 Poisonous Vapours        Pois/Air       ####..       3%          2    None
 Corpse Rot               Necr           N/A          4%          2    None
 Shroud of Golubria       Chrm/Tloc      ###...       4%          2    None
 Sublimation of Blood     Necr           ####......   4%          2    None
 Swiftness                Chrm/Air       ###.....     10%         2    None
 Gell's Gravitas          Tloc           ###.......   11%         3    None
 Lesser Beckoning         Tloc           ###.......   11%         3    None
 Teleport Other           Tloc           ###.....     11%         3    None
 Mephitic Cloud           Conj/Pois/Air  ###.....     14%         3    None
 Flame Tongue             Conj/Fire      ##...        16%         1    None
 Shock                    Conj/Air       #...         16%         1    None
 Spectral Weapon          Hex/Chrm       ###.....     21%         3    None
 Throw Flame              Conj/Fire      ##....       24%         2    None
 Conjure Flame            Conj/Fire      ##......     45%         3    None
 Inner Flame              Hex/Fire       ##......     45%         3    None
 Static Discharge         Conj/Air       #.......     45%         3    None
 Force Lance              Conj/Tloc      ###.....     61%         4    ###....
 Venom Bolt               Conj/Pois      ####......   61%         5    #####..
 Agony                    Necr           ####....     67%         5    #####..
 Dispel Undead            Necr           ####....     67%         5    #####..
 Excruciating Wounds      Chrm/Necr      ####......   67%         5    #####..
 Airstrike                Air            #.........   86%         4    ###....
 Sticky Flame             Conj/Fire      ##......     86%         4    ###....
 Bolt of Draining         Conj/Necr      ###.......   91%         5    #####..
 Fireball                 Conj/Fire      ##........   99%         5    #####..
 Lightning Bolt           Conj/Air       #.........   99%         5    #####..
 Dispersal                Tloc           ###.......   99%         6    ######.
 Malign Gateway           Summ/Tloc      ###.......   100%        7    #######
 Blink                    Tloc           Unusable     N/A         2    N/A

Dungeon Overview and Level Annotations

Branches:
Dungeon (15/15)            Temple (0/1) D:4            Lair (6/6) D:8
  Swamp (0/4) Lair:4        Snake (4/4) Lair:2        Slime (0/5) Lair:5
    Orc (2/2) D:10            Elf (0/3) Orc:2        Vaults (0/5) D:14
 Depths (0/5) D:15

Altars:
Ashenzari
Cheibriados
Elyvilon
Kikubaaqudgha
Okawaru
Qazlal
Ru
Uskayaw
Vehumet
Xom
Yredelemnul
Zin
Beogh

Shops:
D:8 !   D:9 :([*=   Orc:2 !*}[!

Annotations:
D:3 exclusion: downstairs
D:6 1 runed translucent door
Snake:1 exclusion: 2 mana vipers
Snake:4 Vashnia


Innate Abilities, Weirdness & Mutations

You cannot be hasted, slowed, berserked, paralysed or teleported.
You can dig through walls and to a lower floor.
Your four strong arms can wield two-handed weapons with a shield.
You have a pair of large antennae on your head. (SInv)
You are very agile. (Dex +4)
You possess an exceptional clarity of mind.
You have an increased reservoir of magic. (+10% MP)
Your spells are a little easier to cast, but a little less powerful.


Message History

You resist.
Vashnia glares at her squad, motioning for silence.
You barely miss Vashnia.
Vashnia is lightly wounded.
You hit the naga sharpshooter but do no damage.
You slice the naga warrior!! x2
* * * LOW HITPOINT WARNING * * *
You feel very sick.
The naga sharpshooter shoots a bolt.
You block the bolt.
The salamander hits you but does no damage.
You block the naga warrior's attack.
The naga sharpshooter unwields a +0 long sword.
The naga sharpshooter wields a +0 shortbow.
The naga sharpshooter gestures wildly while chanting.
The naga sharpshooter magically shoots an arrow.
The arrow hits you!!
* * * LOW HITPOINT WARNING * * *
A naga sharpshooter comes into view.
It is wielding a +1 trident of protection.
The naga warrior hits you with a +0 flail!
You die...

#### #..### #
##.)..###N.
##..........
##..†....#...
#..§NNN......
#..##)@)N......
#NNNNN......
#..N#†.NN.###.#
....N.....N#
...#.......NN{
..##.......N.N
.# N.....N.#...
...##........


You could see Vashnia, 4 naga warriors, a nagaraja, 6 naga sharpshooters, 3
salamanders, a naga ritualist, a naga mage and 3 nagas.

Vanquished Creatures
  Jorgrun (Orc:1)
  Rupert (Snake:1)
  3 nagarajas
  An orc warlord (Orc:2)
  Louise (Snake:1)
  Aizul (Snake:4)
  An ice dragon (D:14)
  4 vault guards (D:14)
  8 hydras
  A catoblepas (Lair:2)
  10 naga warriors
  8 anacondas
  8 two-headed ogres
  A tengu warrior (D:13)
  4 orc high priests (Orc:2)
  10 naga sharpshooters
  Urug (D:10)
  Sonja (Lair:4)
  7 shock serpents
  2 skeletal warriors (D:15)
  A flayed ghost (D:15)
  An unseen horror (D:11)
  A naga ritualist (Snake:1)
  4 orc knights (Orc:2)
  8 mana vipers
  A necromancer (D:15)
  6 deep elf magi
  6 salamanders
  A wolf spider (D:12)
  3 oklob plants (Lair:3)
  A cyclops (D:15)
  5 orc sorcerers
  7 ugly things
  A manticore (D:14)
  A stone giant skeleton (D:15)
  4 guardian serpents
  Maurice (Orc:1)
  4 elephants (Lair:2)
  26 black mambas
  8 naga magi
  20 spiny frogs
  A kobold demonologist (D:13)
  12 komodo dragons
  An efreet (D:15)
  A spriggan skeleton (D:15)
  5 yaktaurs (D:15)
  A yaktaur skeleton (D:15)
  A jumping spider (shapeshifter) (D:15)
  A tengu conjurer (D:13)
  A meliai (shapeshifter) (D:15)
  6 trolls
  3 polar bears
  5 tyrant leeches (Lair:6)
  A hornet (D:12)
  A hornet (shapeshifter) (D:15)
  5 slime creatures
  A bog body (Lair:4)
  An elf zombie (D:15)
  26 blink frogs
  14 hippogriffs
  2 spriggans
  2 vampires
  A wraith (D:11)
  4 wyverns
  4 basilisks
  43 yaks
  6 vampire mosquitoes (Lair:6)
  10 wargs (Orc:2)
  An acid dragon (D:15)
  20 nagas
  14 water moccasins
  14 porcupines
  2 ice beasts
  29 orc warriors
  3 phantoms
  5 black bears
  17 wolves
  5 sky beasts
  15 ogres
  8 crocodiles
  11 centaurs
  A big kobold (D:11)
  2 gnoll sergeants
  24 bullfrogs
  5 jellies
  4 scorpions
  5 wights (D:8)
  An electric eel (Lair:3)
  5 crimson imps
  2 bullfrog zombies
  7 hounds
  A quasit (D:11)
  Crazy Yiuf (D:2)
  A bullfrog skeleton (D:12)
  25 orc priests
  5 centaur skeletons
  Jessica (D:2)
  An iguana (Lair:2)
  Natasha (thrice) (D:2)
  Terence (D:2)
  26 orc wizards
  7 worker ants
  A killer bee zombie (D:6)
  A howler monkey skeleton (D:8)
  16 adders
  11 gnolls
  2 shadow imps
  An ooze (D:3)
  A worm (D:3)
  6 dart slugs
  5 leopard geckos
  103 orcs
  11 bats
  2 bat zombies (D:9)
  9 giant cockroaches
  12 goblins
  9 hobgoblins
  6 jackals
  17 kobolds
  6 quokkas
  9 frilled lizards
  A leopard gecko skeleton (D:4)
  3 quokka zombies
  10 rats
  2 rat zombies (D:9)
  6 fungi
  5 plants
870 creatures vanquished.

Vanquished Creatures (others)
  A bog body (Lair:4)
  38 fungi
  40 plants
  A withered plant (D:15)
80 creatures vanquished.

Grand Total: 950 creatures vanquished

Notes
Turn   | Place    | Note
-------+----------+-------------------------------------------
     0 | D:1      | Arang the Formicid Fighter began the quest for the Orb.
     0 | D:1      | Reached XP level 1. HP: 18/18 MP: 1/1
    50 | D:1      | Reached XP level 2. HP: 24/24 MP: 2/2
   121 | D:1      | Reached XP level 3. HP: 22/30 MP: 3/3
   741 | D:1      | Reached XP level 4. HP: 37/37 MP: 4/4
   862 | D:2      | Found a snail-covered altar of Cheibriados.
   867 | D:2      | Noticed Jessica
   872 | D:2      | Killed Jessica
   874 | D:2      | Became a worshipper of Cheibriados the Contemplative
  1031 | D:2      | Found a runed translucent door.
  1032 | D:2      | Noticed Crazy Yiuf
  1345 | D:2      | Noticed Natasha
  1355 | D:2      | Killed Natasha
  1355 | D:2      | Reached XP level 5. HP: 36/42 MP: 5/5
  1467 | D:2      | Noticed Terence
  1486 | D:2      | Killed Terence
  1585 | D:2      | Noticed Natasha
  1602 | D:2      | HP: 2/42 [shadow imp/nerve-wracking pain[Natasha] (3)]
  1606 | D:2      | Killed Natasha
  1857 | D:2      | Noticed Natasha
  1862 | D:2      | Killed Natasha
  1862 | D:2      | Reached XP level 6. HP: 45/48 MP: 6/6
  1928 | D:2      | Killed Crazy Yiuf
  1928 | D:2      | Reached skill level 5 in Axes
  2348 | D:3      | Found a glowing silver altar of Zin.
  2491 | D:3      | Reached * piety under Cheibriados
  2697 | D:3      | Noticed a phantom
  2728 | D:3      | Killed a phantom
  2728 | D:3      | Reached skill level 1 in Invocations
  2883 | D:3      | Reached XP level 7. HP: 52/53 MP: 8/8
  3048 | D:3      | Reached ** piety under Cheibriados
  4344 | D:4      | Found a staircase to the Ecumenical Temple.
  4460 | D:4      | Reached XP level 8. HP: 60/60 MP: 9/9
  4506 | D:4      | Reached skill level 5 in Armour
  4922 | D:4      | Found a radiant altar of Vehumet.
  4972 | D:5      | Entered Level 5 of the Dungeon
  4972 | D:5      | Found a basalt altar of Yredelemnul.
  5018 | D:5      | Found a stormy altar of Qazlal.
  5295 | D:5      | Reached *** piety under Cheibriados
  5421 | D:5      | Reached skill level 1 in Evocations
  5768 | D:6      | Found a white marble altar of Elyvilon.
  5768 | D:6      | Noticed an angel
  5769 | D:6      | Found a runed translucent door.
  5879 | D:6      | Reached XP level 9. HP: 58/65 MP: 10/10
  6346 | D:7      | Found a white marble altar of Elyvilon.
  7192 | D:7      | Found a sacrificial altar of Ru.
  7193 | D:7      | Found a shimmering altar of Xom.
  7195 | D:7      | Found an iron altar of Okawaru.
  7418 | D:8      | Reached **** piety under Cheibriados
  7563 | D:8      | Noticed a two-headed ogre
  7572 | D:8      | Killed a two-headed ogre
  7572 | D:8      | Reached skill level 5 in Fighting
  7572 | D:8      | Reached XP level 10. HP: 69/74 MP: 13/13
  7613 | D:8      | Found a staircase to the Lair.
  7617 | D:8      | Reached skill level 5 in Shields
  7631 | D:8      | Reached skill level 10 in Axes
  7718 | D:8      | Noticed a two-headed ogre
  7736 | D:8      | Killed a two-headed ogre
  8006 | D:8      | Noticed a two-headed ogre
  8017 | D:8      | Killed a two-headed ogre
  8089 | D:8      | Reached ***** piety under Cheibriados
  8141 | D:8      | Found Idagacue's Distillery.
  8226 | D:8      | Found a roughly hewn altar of Beogh.
  8344 | D:9      | Found a shattered altar of Ashenzari.
  8356 | D:9      | Found Feughan's Weapon Shop.
  8364 | D:9      | Bought a +2 hand axe of electrocution for 253 gold pieces
  8491 | D:9      | Reached skill level 5 in Invocations
  8534 | D:9      | Reached XP level 11. HP: 81/81 MP: 14/14
  8570 | D:9      | Found Kacsiom's Jewellery Shop.
  8893 | D:9      | Found an ancient bone altar of Kikubaaqudgha.
  8974 | D:9      | Found Idgho's Antique Armour Shop.
  8977 | D:9      | Bought a pair of embroidered gloves for 202 gold pieces
  9037 | D:9      | Found Efiliyq's Book Shop.
  9149 | D:9      | Found Mitat's Assorted Antiques.
  9240 | D:10     | Entered Level 10 of the Dungeon
  9263 | D:10     | Noticed Urug
  9278 | D:10     | Killed Urug
  9294 | D:10     | Found a hide-covered altar of Uskayaw.
  9512 | D:10     | Found a staircase to the Orcish Mines.
  9549 | D:10     | Reached ****** piety under Cheibriados
  9570 | D:10     | Reached skill level 1 in Throwing
 10182 | D:11     | Noticed an unseen horror
 10190 | D:11     | Killed an unseen horror
 10295 | D:11     | Noticed a four-headed hydra
 10502 | D:11     | Reached XP level 12. HP: 85/91 MP: 17/17
 10573 | D:11     | Noticed a five-headed hydra
 10584 | D:11     | Killed a five-headed hydra
 11017 | D:11     | Killed a four-headed hydra
 11017 | D:11     | Reached skill level 10 in Armour
 11807 | D:12     | Noticed a two-headed ogre
 11815 | D:12     | Killed a two-headed ogre
 11925 | D:12     | Noticed a two-headed ogre
 11932 | D:12     | Killed a two-headed ogre
 11995 | D:12     | Noticed an eight-headed hydra
 12000 | D:12     | Killed an eight-headed hydra
 12296 | D:12     | Noticed a two-headed ogre
 12302 | D:12     | Killed a two-headed ogre
 12690 | D:13     | Noticed a six-headed hydra
 12700 | D:12     | Killed a six-headed hydra
 12826 | D:12     | Learned a level 4 spell: Olgreb's Toxic Radiance
 12845 | D:12     | Reached XP level 13. HP: 23/99 MP: 19/19
 13666 | D:13     | Reached skill level 1 in Poison Magic
 13772 | D:13     | Reached skill level 1 in Spellcasting
 13882 | D:13     | Reached skill level 10 in Shields
 14115 | D:14     | Reached skill level 5 in Poison Magic
 14115 | D:14     | Reached XP level 14. HP: 108/108 MP: 20/20
 14137 | D:14     | Found a gate to the Vaults.
 14161 | D:14     | Reached skill level 5 in Spellcasting
 15598 | D:15     | Entered Level 15 of the Dungeon
 15609 | D:15     | Reached skill level 10 in Fighting
 15609 | D:15     | Reached skill level 5 in Evocations
 15745 | D:15     | Identified a scroll of acquirement
 15750 | D:15     | Got a scorched pewter ring
 15752 | D:15     | Identified the ring of Tender Moments {Fire rPois Str-2
                  | Int+4} (You acquired it on level 15 of the Dungeon)
 16489 | D:15     | Reached XP level 15. HP: 86/115 MP: 24/24
 16490 | D:15     | Found a staircase to the Depths.
 17265 | Lair:1   | Entered Level 1 of the Lair of Beasts
 18815 | Lair:2   | Found a staircase to the Snake Pit.
 20170 | Lair:3   | Identified the Grimoire of Dislocation
 20264 | Lair:3   | Got a flickering glass ring
 20850 | Lair:4   | Noticed Sonja
 20852 | Lair:4   | Killed Sonja
 21107 | Lair:4   | Reached skill level 5 in Throwing
 21158 | Lair:4   | Found a staircase to the Swamp.
 22190 | Lair:5   | Identified the ring of Ujal {EV+3 Int+2} (You found it on
                  | level 3 of the Lair of Beasts)
 22222 | Lair:5   | Found a staircase to the Slime Pits.
 22345 | Lair:5   | Identified the Reference Book on the Compass
 22741 | Lair:6   | Entered Level 6 of the Lair of Beasts
 22848 | Lair:6   | Reached XP level 16. HP: 111/125 MP: 22/25
 24283 | Orc:1    | Entered Level 1 of the Orcish Mines
 24289 | Orc:1    | Noticed Maurice
 24308 | Orc:1    | Killed Maurice
 24874 | Orc:2    | Entered Level 2 of the Orcish Mines
 25421 | Orc:2    | Found a staircase to the Elven Halls.
 25959 | Orc:2    | Found Cenaddeir's Distillery.
 25964 | Orc:2    | Bought a potion of mutation for 104 gold pieces
 25964 | Orc:2    | Bought 2 potions of mutation for 208 gold pieces
 25964 | Orc:2    | Gained mutation: You are frail. (-10% HP) [potion of
                  | mutation]
 25964 | Orc:2    | Gained mutation: Your spells are a little easier to cast,
                  | but a little less powerful. [potion of mutation]
 25964 | Orc:2    | Gained mutation: You possess an exceptional clarity of
                  | mind. [potion of mutation]
 25964 | Orc:2    | Gained mutation: You are partially covered in large bone
                  | plates. (SH +4) [potion of mutation]
 25965 | Orc:2    | Lost mutation: You are frail. (-10% HP) [potion of
                  | mutation]
 25965 | Orc:2    | Lost mutation: You are partially covered in large bone
                  | plates. (SH +4) [potion of mutation]
 25965 | Orc:2    | Gained mutation: You are agile. (Dex +2) [potion of
                  | mutation]
 25965 | Orc:2    | Gained mutation: You are very agile. (Dex +4) [potion of
                  | mutation]
 25965 | Orc:2    | Gained mutation: You have an increased reservoir of magic.
                  | (+10% MP) [potion of mutation]
 26010 | Orc:2    | Reached skill level 15 in Armour
 26288 | Orc:2    | Found Delal's Armour Shoppe.
 26288 | Orc:2    | Found Ahowepuwk's Gadget Shoppe.
 26293 | Orc:2    | Found Eteeli's Assorted Antiques.
 26293 | Orc:2    | Found Tuteas's Distillery.
 26324 | Orc:2    | Bought a runed shield for 247 gold pieces
 26342 | Orc:2    | Bought a potion of heal wounds for 70 gold pieces
 26342 | Orc:2    | Bought a potion of heal wounds for 70 gold pieces
 26667 | Orc:2    | Bought a lamp of fire for 480 gold pieces
 26749 | Orc:1    | Noticed Jorgrun
 26771 | Orc:1    | Killed Jorgrun
 26860 | Orc:1    | Learned a level 2 spell: Song of Slaying
 26864 | Orc:1    | Learned a level 3 spell: Regeneration
 26871 | Orc:1    | Learned a level 4 spell: Passage of Golubria
 27136 | Snake:1  | Entered Level 1 of the Snake Pit
 27151 | Snake:1  | Noticed Rupert
 27171 | Snake:1  | Killed Rupert
 27171 | Snake:1  | Reached XP level 17. HP: 131/131 MP: 14/28
 27237 | Snake:1  | Reached skill level 1 in Charms
 27239 | Snake:1  | Reached skill level 1 in Necromancy
 27244 | Snake:1  | Reached skill level 1 in Translocations
 27306 | Snake:1  | Noticed Louise
 27317 | Snake:1  | Killed Louise
 27860 | Snake:1  | Got a jewelled crystal plate armour
 27871 | Snake:1  | Identified the +1 crystal plate armour of Beyond {Str+4}
                  | (You acquired it on level 1 of the Snake Pit)
 29483 | Snake:3  | Reached skill level 15 in Axes
 31066 | Snake:4  | Entered Level 4 of the Snake Pit
 31084 | Snake:4  | Noticed Aizul
 31089 | Snake:4  | Reached XP level 18. HP: 114/138 MP: 10/29
 31092 | Snake:4  | Noticed Vashnia
 31101 | Snake:4  | Killed Aizul
 31102 | Snake:4  | HP: 3/138 [naga sharpshooter/bolt (6)]
 31107 | Snake:4  | Slain by a naga warrior

Levels and vault maps discovered:
D:1:      onia_arrival_mini_maze_b, layout_basic, minmay_quantized
D:2:      layout_loops_ring, nicolae_overflow_crystal_walls,
          minmay_pentomino_s4, uniq_terence, uniq_jessica,
          uniq_crazy_yiuf_cottage, uniq_natasha
D:3:      minmay_octagon_keep, layout_basic, lemuel_round_altar
D:4:      layout_basic, overflow_temple_1_default, minmay_temple_entry_fiery,
          first_ration
D:5:      layout_basic, yredelemnul_altar_generic, basic_altar
D:6:      layout_loops_ring, lemuel_angel_altar
D:7:      layout_basic, elyvilon_altar_3, minitemple, the_bakery
D:8:      layout_cave_pools, due_lair_maze_entry_diamond, special_room
          [special_room_orc], serial_shops, kennysheep_mini_moat,
          kennysheep_generic_room_13
D:9:      layout_loops_ring, lemuel_zombie_altar_kikubaaqudgha,
          evilmike_ruin_ashenzari, serial_shops, shop, shop, shop, shop_statue,
          shop
D:10:     layout_roguey, hiddenorc1_lemuel, basic_altar, uniq_urug
D:11:     layout_long_grid
D:12:     layout_loops_ring
D:13:     layout_long_grid, minmay_holes
D:14:     layout_irregular_city, lightli_vaults_fourway_checkpoint,
          portal_ice_cave_entry_animals_and_master, chequers_avenue
D:15:     gammafunk_depths_entry_grave, layout_long_grid, serial_bayou_pond_c
Lair:1:   layout_long_grid, lemuel_fruit_tree, grunt_megastairs_3,
          infiniplex_staircase_pool
Lair:2:   layout_cave_pods, minmay_snake_entry_guardpost_large,
          beast_lair_carwin_1
Lair:3:   layout_regular_city, serial_bayou_shore_a, minmay_lair_oklob_chamber
Lair:4:   layout_loops_ring, skrybe_swamp_entry_bodies,
          grunt_forest_large_clearing_hut, uniq_sonja
Lair:5:   layout_regular_city, minmay_slime_entry_pillars, forest_entry_grove
Lair:6:   minmay_lair_end_frog_pond, layout_regular_city
Snake:1:  cheibrodos_snake_ritualist_ritual, layout_grid_maze, special_room,
          uniq_rupert, uniq_louise
Snake:2:  layout_cave_town
Snake:3:  layout_chambers, grunt_megastairs_1
Snake:4:  snake_pit, layout_onion_interference, uniq_aizul, uniq_vashnia
Orc:1:    layout_diamond_mine, uniq_maurice, uniq_jorgrun
Orc:2:    st_orc_elflike, layout_diamond_mine, serial_shops, shop, mines5_lemuel

Skill      XL: |  1  2  3  4  5  6  7  8  9 10 11 12 13 14 15 16 17 18 |
---------------+-------------------------------------------------------+-----
Armour         | 4 6 8 9 10 11 12 13 16 | 16.5
Axes           | 3 4 5 7 8 9 10 11 12 13 14 15 16 | 16.2
Invocations    | 1 2 3 5 6 8 |  8.1
Evocations     | 2 4 5 |  5.0
Fighting       | 4 5 6 7 8 9 10 11 | 11.6
Shields        | 4 6 8 9 10 11 13 | 13.5
Throwing       | 2 4 5 6 |  6.0
Poison Magic   | 5 7 8 |  8.5
Spellcasting   | 4 6 |  6.0
Charms         | 3 4 |  4.0
Necromancy     | 3 |  3.9
Translocations | 3 |  3.5

Action                   |  1- 3 |  4- 6 |  7- 9 | 10-12 | 13-15 | 16-18 || total
-------------------------+-------+-------+-------+-------+-------+-------++-------
Melee: War axe           |    84 |    67 |       |       |       |       ||   151
       Short sword       |       |   116 |   201 |       |       |       ||   317
       Hand axe          |       |       |   142 |   489 |   753 |   505 ||  1889
       Dire flail        |       |       |       |    33 |       |       ||    33
       Scimitar          |       |       |       |       |     4 |       ||     4
       Executioner's axe |       |       |       |       |       |   308 ||   308
Throw: Dart              |       |       |    22 |    13 |    19 |    18 ||    72
       Javelin           |       |       |       |    11 |    17 |    12 ||    40
       Boomerang         |       |       |       |       |    20 |       ||    20
 Cast: Olgreb's Toxic Ra |       |       |       |       |     1 |    19 ||    20
       Song of Slaying   |       |       |       |       |       |    20 ||    20
       Regeneration      |       |       |       |       |       |     4 ||     4
Invok: Bend Time         |       |       |     1 |       |       |     1 ||     2
       Slouch            |       |       |       |       |     2 |     4 ||     6
 Abil: Dig               |       |       |       |       |       |     1 ||     1
Evoke: Wand              |       |       |    10 |    13 |    12 |     6 ||    41
       Sack of spiders   |       |       |       |       |     1 |       ||     1
       Lamp of fire      |       |       |       |       |       |     1 ||     1
  Use: Scroll            |       |     1 |     9 |    14 |     8 |     2 ||    34
       Potion            |       |     2 |     1 |     3 |     1 |     7 ||    14
 Stab: Paralysed         |       |       |       |     6 |     1 |       ||     7
       Confused          |       |       |       |     1 |       |       ||     1
       Invisible         |       |       |       |     3 |       |     6 ||     9
       Distracted        |       |       |       |       |     1 |       ||     1
       Petrified         |       |       |       |       |     5 |       ||     5
  Eat: Chunk             |       |     7 |     7 |     9 |    15 |    10 ||    48
       Ration            |       |       |       |       |     1 |     2 ||     3
Armor: Scale mail        |    18 |       |       |       |       |       ||    18
       Plate armour      |    37 |    76 |   151 |   184 |   255 |   402 ||  1105
Dodge: Dodged            |    23 |    33 |    48 |   120 |   165 |   194 ||   583
Block: Shield            |    48 |    71 |   175 |   314 |   497 |   749 ||  1854
       Rpst.: Scimitar   |       |       |       |       |     1 |       ||     1

Table legend:
 A = Non-vault XP
 B = Vault XP
 C = Vault XP percentage of total XP
 D = Non-vault monster count
 E = Vault monster count
 F = Vault count percentage of total count
                 A         B        C        D         E       F
            +---------+---------+-------+---------+---------+-------
      Total |  130787 |   67878 |  34.2 |     629 |     231 |  26.9
            +---------+---------+-------+---------+---------+-------
        D:1 |      61 |      10 |  14.1 |      33 |       5 |  13.2
        D:2 |      83 |     157 |  65.4 |      10 |       7 |  41.2
        D:3 |     176 |     155 |  46.8 |      30 |       9 |  23.1
        D:4 |     679 |       0 |   0.0 |      19 |       0 |   0.0
        D:5 |     277 |       0 |   0.0 |       8 |       0 |   0.0
        D:6 |     612 |       0 |   0.0 |      13 |       0 |   0.0
        D:7 |     448 |     229 |  33.8 |       9 |       1 |  10.0
        D:8 |    2482 |    1935 |  43.8 |      18 |      29 |  61.7
        D:9 |    1772 |       6 |   0.3 |      23 |       4 |  14.8
       D:10 |    1555 |    1037 |  40.0 |      21 |      18 |  46.2
       D:11 |    8133 |       0 |   0.0 |      52 |       0 |   0.0
       D:12 |    7803 |       0 |   0.0 |      36 |       0 |   0.0
       D:13 |    2784 |       0 |   0.0 |      19 |       0 |   0.0
       D:14 |    6097 |    9820 |  61.7 |      21 |      19 |  47.5
       D:15 |    7080 |    4297 |  37.8 |      20 |       8 |  28.6
     Lair:1 |    5507 |    1317 |  19.3 |      25 |       3 |  10.7
     Lair:2 |    5769 |     883 |  13.3 |      22 |       5 |  18.5
     Lair:3 |    2513 |    2844 |  53.1 |      13 |       8 |  38.1
     Lair:4 |    2638 |    2761 |  51.1 |      13 |       6 |  31.6
     Lair:5 |    2617 |    1733 |  39.8 |      12 |      10 |  45.5
     Lair:6 |    8287 |   13608 |  62.2 |      35 |      49 |  58.3
    Snake:1 |   10773 |    4985 |  31.6 |      19 |       3 |  13.6
    Snake:2 |   10066 |       0 |   0.0 |      13 |       0 |   0.0
    Snake:3 |   19498 |    3632 |  15.7 |      35 |       6 |  14.6
    Snake:4 |   14151 |    5523 |  28.1 |      25 |       4 |  13.8
      Orc:1 |    3252 |    3303 |  50.4 |      43 |       2 |   4.4
      Orc:2 |    5674 |    9643 |  63.0 |      42 |      35 |  45.5
            +---------+---------+-------+---------+---------+-------
